 Dungeon Crawl Stone Soup version 0.29.0-4-gdea44cf6ec (webtiles) character file.

Game seed: 14069964532639577353

34 qw the Sneak (level 3, 0/29 HPs)
             Began as a Ghoul Enchanter on Sept 8, 2022.
             Slain by a hobgoblin
             ... wielding a +1 whip of freezing
              (4 damage)
             ... on level 2 of the Dungeon.
             The game lasted 00:00:58 (2435 turns).

qw the Sneak (Ghoul Enchanter)                      Turns: 2435, Time: 00:00:59

Health: 0/29       AC:  6    Str: 13    XL:     3   Next: 31%
Magic:  4/4        EV:  9    Int: 10    God:
Gold:   35         SH:  0    Dex:  9    Spells: 5/5 levels left

rFire   . . .      SeeInvis .   a - +0 long sword
rCold   + . .      Faith    .   (no shield)
rNeg    + + +      Spirit   .   f - +0 scale mail
rPois   inf        Reflect  .   (no helmet)
rElec   .          Harm     .   (no cloak)
rCorr   .          Rampage  .   (no gloves)
Will    .....                   (no boots)
Stlth   +.........              (no amulet)
HPRegen 0.00/turn               (no ring)
MPRegen 0.09/turn               (no ring)

@: inhibited regen
A: claws 1, cold resistance 1, negative energy resistance 3, inhibited
regeneration, torment resistance 2, devour on kill
a: no special abilities


You were on level 2 of the Dungeon.
You visited 1 branch of the dungeon, and saw 2 of its levels.

You collected 35 gold pieces.


Innate Abilities, Weirdness & Mutations

You are immune to poison.
You have sharp fingernails.
Your flesh is cold resistant. (rC+)
You are immune to negative energy. (rN+++)
You do not regenerate when monsters are visible.
You are immune to unholy pain and torment.
You thrive by killing the living.


   Skills:
 + Level 1.7 Fighting
 - Level 0.8 Short Blades
 - Level 2.0 Axes
 - Level 1.7 Dodging
 - Level 3.2 Stealth
 - Level 1.7 Spellcasting
 - Level 2.4 Hexes


You had 5 spell levels left.
You didn't know any spells.
Your spell library contained the following spells:

 Spells                   Type           Power      Damage    Failure   Level
 Ensorcelled Hibernation  Hex/Ice        6%         N/A       83%         2
 Confusing Touch          Hex            5%         N/A       87%         3
 Tukima's Dance           Hex            5%         N/A       87%         3
 Dazzling Flash           Conj/Hex       6%         N/A       96%         3

Inventory:

Hand Weapons
 a - a +0 long sword (weapon)
 Y - a +0 short sword
Armour
 b - a +0 buckler
 f - a +0 scale mail (worn)

Dungeon Overview and Level Annotations

Branches:
Dungeon (2/15)

Altars:


Message History

You barely miss the adder. Your claw misses the adder.
The adder completely misses you. The adder barely misses you.
You hit the adder.
The adder is heavily wounded.
The adder bites you but does no damage. The adder completely misses you.
You hit the adder but do no damage.
The adder is heavily wounded.
The adder closely misses you. The hobgoblin completely misses you.
You miss the adder.
The adder is heavily wounded.
The adder bites you but does no damage. The adder closely misses you.
The hobgoblin barely misses you.
You hit the adder but do no damage.
The adder is heavily wounded.
The adder bites you.
The hobgoblin hits you with a +1 whip of freezing.
The adder barely misses you.
You barely miss the adder.
The adder is heavily wounded.
The hobgoblin barely misses you. The adder closely misses you.
The hobgoblin completely misses you. The adder barely misses you.
You barely miss the adder.
The adder is heavily wounded.
The adder bites you but does no damage.
The hobgoblin hits you with a +1 whip of freezing.
The adder bites you.
You closely miss the adder.
The adder is heavily wounded.
The hobgoblin hits you with a +1 whip of freezing.
The adder barely misses you. The hobgoblin barely misses you.
You hit the adder.
The adder is severely wounded.
The adder bites you but does no damage. The adder bites you.
The hobgoblin hits you with a +1 whip of freezing.
The hobgoblin freezes you.
You hit the adder.
You kill the adder!
You feel better.
The hobgoblin hits you with a +1 whip of freezing.
You die...

#....# ##....#
#.....# #.....#
#.....#
#....###.#
#...%g...#
##@######
#########.......#
#...............#
#...............#
#...............#
#...............#
#...............#
#...............#
#..<.....########


You could see a hobgoblin.

Vanquished Creatures
  An adder (D:2)
  2 dart slugs (D:1)
  4 ball pythons
  3 endoplasms (D:1)
  2 giant cockroaches (D:1)
  4 goblins (D:1)
  4 hobgoblins (D:1)
  A kobold (D:1)
  A quokka (D:1)
  2 bats (D:1)
  3 rats (D:1)
27 creatures vanquished.

Notes
Turn   | Place    | Note
-------+----------+-------------------------------------------
     0 | D:1      | qw the Ghoul Enchanter began the quest for the Orb.
     0 | D:1      | Reached XP level 1. HP: 14/14 MP: 2/2
     0 | D:1      | 0 ||| qw: Version: 0.1-a-112-g44dc6cd
     0 | D:1      | 0 ||| qw: Game counter: 6706
     0 | D:1      | 0 ||| qw: Always use a shield: true
     0 | D:1      | 0 ||| qw: God list: Okawaru
     0 | D:1      | 0 ||| qw: Allow faded altars: false
     0 | D:1      | 0 ||| qw: Do Orc after D:15 true
     0 | D:1      | 0 ||| qw: Do second Lair branch before Depths: true
     0 | D:1      | 0 ||| qw: Lair rune preference: random
     0 | D:1      | 0 ||| qw: Plans: Normal
     0 | D:1      | 0 ||| PLANNING D:1-11
    51 | D:1      | Found a faded altar of an unknown god.
   224 | D:1      | Reached skill level 1 in Axes
   332 | D:1      | 332 ||| SWAPPING to +0 club.
   350 | D:1      | Reached XP level 2. HP: 13/22 MP: 3/3
   473 | D:1      | 473 ||| DROPPING +1 dagger.
   492 | D:1      | Reached skill level 1 in Fighting
   741 | D:1      | 741 ||| Stepping ~*~*~tactically~*~*~ (stealth).
   743 | D:1      | 743 ||| Stepping ~*~*~tactically~*~*~ (stealth).
   750 | D:1      | 750 ||| Stepping ~*~*~tactically~*~*~ (hiding).
  1098 | D:1      | 1098 ||| Stepping ~*~*~tactically~*~*~ (stealth).
  1104 | D:1      | 1104 ||| Stepping ~*~*~tactically~*~*~ (hiding).
  1165 | D:1      | 1165 ||| Stepping ~*~*~tactically~*~*~ (stealth).
  1172 | D:1      | Reached XP level 3. HP: 21/28 MP: 4/4
  1177 | D:1      | 1177 ||| Stepping ~*~*~tactically~*~*~ (stealth).
  1179 | D:1      | 1179 ||| Stepping ~*~*~tactically~*~*~ (stealth).
  1180 | D:1      | 1180 ||| Stepping ~*~*~tactically~*~*~ (stealth).
  1187 | D:1      | 1187 ||| Stepping ~*~*~tactically~*~*~ (stealth).
  1233 | D:1      | 1233 ||| Stepping ~*~*~tactically~*~*~ (stealth).
  1260 | D:1      | 1260 ||| Stepping ~*~*~tactically~*~*~ (stealth).
  1261 | D:1      | 1261 ||| Stepping ~*~*~tactically~*~*~ (stealth).
  1295 | D:1      | HP: 6/28 [quokka (4)]
  1302 | D:1      | HP: 3/28 [quokka (3)]
  1303 | D:1      | HP: 1/28 [quokka (2)]
  1639 | D:1      | 1639 ||| SWAPPING to +0 short sword.
  1640 | D:1      | 1640 ||| DROPPING +0 club.
  2206 | D:1      | 2206 ||| Stepping ~*~*~tactically~*~*~ (stealth).
  2211 | D:1      | 2211 ||| Stepping ~*~*~tactically~*~*~ (stealth).
  2212 | D:1      | 2212 ||| Stepping ~*~*~tactically~*~*~ (stealth).
  2362 | D:1      | 2362 ||| UPGRADING to +0 scale mail.
  2372 | D:1      | 2372 ||| DROPPING +0 robe.
  2373 | D:1      | 2373 ||| DROPPING +6 ring of intelligence.
  2374 | D:1      | 2374 ||| READING scroll labelled JAAQOA FEGAUMP.
  2375 | D:1      | 2375 ||| READING scroll labelled ODIMUI SOUHIA.
  2376 | D:1      | 2376 ||| READING scroll labelled GAOHIS XERIBA.
  2377 | D:1      | 2377 ||| DROPPING 2 potions of invisibility.
  2410 | D:2      | 2410 ||| SWAPPING to +0 long sword.
  2423 | D:2      | 2423 ||| Stepping ~*~*~tactically~*~*~ (stealth).
  2434 | D:2      | HP: 3/29 [hobgoblin/+1 whip of freezing (6)]
  2435 | D:2      | Slain by a hobgoblin

Levels and vault maps discovered:
D:1:      dpeg_arrival_stonehenge_12_columns, layout_basic,
          ebering_ecumenical_altar_rust, minivault_26, st_stairs_11
D:2:      layout_basic, chequers_serial_rivers_room_a, chequers_jeans

Skill      XL: |  1  2 |
---------------+-------+-----
Axes           | 1 2 |  2.0
Fighting       | 1 |  1.7
Short Blades   | |  0.8
Dodging        | |  1.7
Stealth        | |  3.2
Spellcasting   | |  1.7
Hexes          | |  2.4

Action                   || total
-------------------------++-------
Melee: Dagger            ||    23
       Club              ||    95
       Punch             ||     1
       Short sword       ||    63
       Long sword        ||    11
  Use: Scroll            ||     3
 Stab: Sleeping          ||     1
Armor: Robe              ||    33
       Scale mail        ||     7
Dodge: Dodged            ||   133

Table legend:
 A = Non-vault XP
 B = Vault XP
 C = Vault XP percentage of total XP
 D = Non-vault monster count
 E = Vault monster count
 F = Vault count percentage of total count
                 A         B        C        D         E       F
            +---------+---------+-------+---------+---------+-------
      Total |      56 |       6 |   9.7 |      24 |       3 |  11.1
            +---------+---------+-------+---------+---------+-------
        D:1 |      42 |       6 |  12.5 |      22 |       3 |  12.0
        D:2 |      14 |       0 |   0.0 |       2 |       0 |   0.0
            +---------+---------+-------+---------+---------+-------
